 Dungeon Crawl Stone Soup version 0.29.0-13-gc9e81de378 (webtiles) character file.

Game seed: 1236767194036011253

70 SnakkuSnakku7 the Trooper (level 4, -2/37 HPs)
             Began as a Barachi Warper on Sept 9, 2022.
             Slain by a kobold brigand
             ... wielding a +0 whip
              (5 damage)
             ... in a sewer.
             The game lasted 00:02:25 (2450 turns).

SnakkuSnakku7 the Trooper (Barachi Warper)          Turns: 2450, Time: 00:02:26

Health: -2/37      AC:  8    Str: 14    XL:     4   Next: 22%
Magic:  7/7        EV:  6    Int: 14    God:
Gold:   140        SH:  0    Dex: 11    Spells: 7/7 levels left

rFire   . . .      SeeInvis .   a - +0 mace
rCold   . . .      Faith    .   (no shield)
rNeg    . . .      Spirit   .   h - +0 chain mail {Will+}
rPois   .          Reflect  .   (no helmet)
rElec   .          Harm     .   (no cloak)
rCorr   .          Rampage  .   (no gloves)
Will    +....                   (no boots)
Stlth   ..........              (no amulet)
HPRegen 0.12/turn               (no ring)
MPRegen 0.10/turn               (no ring)

@: mighty, attractive, slow
A: amphibious, slowness 1, strong legs 1, +LOS
a: Hop


You were in a sewer.
You visited 1 branch of the dungeon, and saw 3 of its levels.
You also visited: Sewer.

You collected 140 gold pieces.

Inventory:

Hand Weapons
 a - a +0 mace (weapon)
Missiles
 d - 7 boomerangs of dispersal (quivered)
Armour
 b - a +0 leather armour
 e - a +0 scale mail
 h - a +0 chain mail of willpower (worn)
Scrolls
 c - a scroll of blinking
 j - a scroll of fear {unknown}
 k - 2 scrolls of teleportation {unknown}
 m - a scroll of silence {unknown}
 o - 2 scrolls of amnesia {unknown}
 p - a scroll of magic mapping {unknown}
 q - a scroll of noise {unknown}
Potions
 g - a potion of attraction
 l - a potion of mutation {unknown}
 n - a potion of degeneration {unknown}


   Skills:
 - Level 3.8 Fighting
 + Level 3.7 Maces & Flails
 + Level 1.4 Throwing
 - Level 1.2 Armour
 - Level 2.1 Dodging
 - Level 2.1 Spellcasting
 - Level 3.2 Translocations


You had 7 spell levels left.
You didn't know any spells.
Your spell library contained the following spells:

 Spells                   Type           Power      Damage    Failure   Level
 Blink                    Tloc           20%        N/A       94%         2
 Gell's Gravitas          Tloc           10%        N/A       99%         3
 Lesser Beckoning         Tloc           10%        N/A       99%         3
 Teleport Other           Tloc           10%        N/A       99%         3
 Dazzling Flash           Conj/Hex       2%         N/A       100%        3
 Iskenderun's Mystic Bla  Conj/Tloc      6%         2d4       100%        4
 Manifold Assault         Tloc           10%        N/A       100%        5
 Starburst                Conj/Fire      0%         6d3       100%        6


Dungeon Overview and Level Annotations

Branches:
Dungeon (3/15)              Sewer (1/1)

Altars:
Hepliaklqana
Xom
The Shining One


Innate Abilities, Weirdness & Mutations

You are amphibious.
You cover ground slowly.
You can hop short distances.
You have an extended range of vision and can be seen from far away.


Message History

The kobold brigand splashes around in the water.
You feel better.
The kobold brigand hits you but does no damage.
You hit the kobold brigand.
The kobold brigand is lightly wounded.
The kobold brigand splashes around in the water.
The kobold brigand hits you but does no damage.
You sock the kobold brigand!
The kobold brigand is severely wounded.
The kobold brigand hits you but does no damage.
The kobold brigand hits you with a +0 whip.
* * * LOW HITPOINT WARNING * * *
You barely miss the kobold brigand.
The kobold brigand is heavily wounded.
The kobold brigand hits you with a +0 whip.
* * * LOW HITPOINT WARNING * * *
The kobold brigand hits you but does no damage.
You hit the kobold brigand.
The kobold brigand is severely wounded.
The kobold brigand hits you but does no damage.
You closely miss the kobold brigand. You punch the kobold brigand.
The kobold brigand is severely wounded.
You feel yourself speed up.
You are ready to hop once more.
The kobold brigand hits you but does no damage.
The kobold brigand hits you with a +0 whip.
* * * LOW HITPOINT WARNING * * *
You barely miss the kobold brigand.
The kobold brigand is severely wounded.
The kobold brigand splashes around in the water.
You closely miss the kobold brigand.
The kobold brigand is severely wounded.
The kobold brigand splashes around in the water.
The kobold brigand hits you but does no damage.
You sock the kobold brigand!
The kobold brigand is almost dead.
The kobold brigand hits you but does no damage.
You barely miss the kobold brigand.
The kobold brigand is almost dead.
The kobold brigand hits you with a +0 whip.
You die...

#~# #~# #~# #~# #~# #~#
#~# #~# #@# #K# #(# #~#
##~#########
#######~~~.~h~.~.#
#######...~.~.~~.~~~~K~#
##≈≈≈≈≈~~~~≈~~~~~~~≈≈≈~~#.
#≈≈≈≈≈≈≈≈≈≈≈≈≈≈≈≈≈≈≈≈≈K...


You could see a kobold brigand.

Vanquished Creatures
  Jessica (D:2)
  A river rat (Sewer)
  2 orcs (D:3)
  3 ball pythons (D:3)
  A bat (D:1)
  2 endoplasms
  2 giant cockroaches
  2 hobgoblins (D:1)
  A jackal (Sewer)
  2 kobolds (Sewer)
  6 quokkas
  3 frilled lizards
  3 goblins
  3 rats
32 creatures vanquished.

Notes
Turn   | Place    | Note
-------+----------+-------------------------------------------
     0 | D:1      | SnakkuSnakku7 the Barachi Warper began the quest for the
                  | Orb.
     0 | D:1      | Reached XP level 1. HP: 17/17 MP: 3/3
    97 | D:1      | Found a faded altar of an unknown god.
   321 | D:1      | Reached XP level 2. HP: 21/23 MP: 5/5
   913 | D:2      | Noticed Jessica
   918 | D:2      | Killed Jessica
   919 | D:2      | Reached XP level 3. HP: 24/29 MP: 6/6
  1182 | D:2      | Found a glowing golden altar of the Shining One.
  1820 | D:3      | Found a shimmering altar of Xom.
  1940 | D:3      | Found a hazy altar of Hepliaklqana.
  1974 | D:3      | Found a glowing drain.
  1996 | Sewer    | Entered a sewer
  2011 | Sewer    | Reached XP level 4. HP: 13/37 MP: 7/7
  2254 | Sewer    | Noticed a kobold brigand
  2431 | Sewer    | Noticed a kobold brigand
  2438 | Sewer    | HP: 1/37 [kobold brigand/+0 whip (5)]
  2450 | Sewer    | Slain by a kobold brigand

Illustrated notes

Levels and vault maps discovered:
D:1:      saegor_arrival_simple_b, layout_loops_ring,
          hellmonk_ecumenical_altar_run_dry
D:2:      layout_basic, basic_altar, uniq_terence, uniq_jessica
D:3:      layout_loops_ring, mainiacjoe_overflow_concentric_impassable,
          mainiacjoe_overflow_tiny_flanked, mainiacjoe_overflow_cross_hatched,
          portal_sewer_entry_f
Sewer:    sewer_kobolds

Skill      XL: |  1  2 |
---------------+-------+-----
Fighting       | 3 |  3.8
Maces & Flails | 3 |  3.7
Throwing       | |  1.4
Armour         | |  1.2
Dodging        | |  2.1
Spellcasting   | |  2.1
Translocations | |  3.2

Action                   |  1- 3 |  4- 6 || total
-------------------------+-------+-------++-------
Melee: Mace              |    86 |    34 ||   120
       Punch             |       |     2 ||     2
Throw: Dart              |       |     2 ||     2
 Abil: Hop               |       |     1 ||     1
  Use: Potion            |       |     4 ||     4
Armor: Scale mail        |     5 |       ||     5
       Leather armour    |     3 |       ||     3
       Chain mail        |    43 |    24 ||    67
Dodge: Dodged            |    47 |     4 ||    51
